Map: Orbital Shipyard

Players

MCanning

  • Race: Protoss Protoss
  • League: Grandmaster

lIlIlIlIlIlI - Winner!

  • Race: Protoss Protoss
  • League: Master

VOD

Have the link to the VOD?

Description

Time

  • Played on: Dec. 18, 2015, 11:03 p.m.
  • Length: 10:41
Show
View Real Time Build Order
Export as new Build Order

MCanning Protoss 

Build Orders: Nexus First 

Get SALT Encoding   

  12  0:02  Probe (Chrono Boost)  
  13  0:12  Probe (Chrono Boost)  
  14  0:20  Pylon  
  14  0:23  Probe (Chrono Boost)  
  15  0:38  Probe (Chrono Boost)  
  16  0:49  Probe (Chrono Boost)  
  17  0:57  Nexus  
  17  1:08  Gateway  
  17  1:11  Probe (Chrono Boost)  
  18  1:21  Assimilator  
  18  1:22  Probe (Chrono Boost)  
  19  1:25  Assimilator  
  20  1:32  Probe (Chrono Boost)  
  20  1:37  Gateway  
  21  1:54  Probe (Chrono Boost)  
  21  1:57  Cybernetics Core  
  21  2:05  Probe (Chrono Boost)  
  21  2:07  Pylon  
  22  2:15  Probe x2 (Chrono Boost)  
  24  2:25  Probe (Chrono Boost)  
  24  2:27  Probe (Chrono Boost)  
  26  2:36  Probe (Chrono Boost), Adept (Chrono Boost)  
  29  2:38  Mothership Core (Chrono Boost)  
  29  2:43  Adept (Chrono Boost)  
  33  2:45  Warp Gate  
  33  2:48  Probe  
  34  2:58  Probe (Chrono Boost)  
  35  3:01  Probe (Chrono Boost)  
  35  3:04  Stalker  
  38  3:09  Probe (Chrono Boost)  
  38  3:11  Pylon  
  38  3:12  Probe (Chrono Boost)  
  41  3:20  Sentry, Probe (Chrono Boost)  
  43  3:32  Probe (Chrono Boost)  
  41  3:36  Probe (Chrono Boost)  
  42  3:42  Probe (Chrono Boost)  
  42  3:47  Probe (Chrono Boost)  
  41  3:53  Probe (Chrono Boost)  
  42  3:57  Probe (Chrono Boost)  
  42  3:58  Assimilator  
  42  4:00  Twilight Council  
  43  4:03  Probe (Chrono Boost)  
  43  4:04  Assimilator  
  43  4:07  Robotics Facility  
  43  4:08  Probe (Chrono Boost)  
  45  4:14  Probe (Chrono Boost)  
  46  4:18  Probe (Chrono Boost)  
  47  4:24  Probe (Chrono Boost)  
  47  4:29  Probe (Chrono Boost)  
  49  4:35  Probe (Chrono Boost)  
  49  4:36  Pylon  
  49  4:38  Probe (Chrono Boost), Blink (Chrono Boost)  
  50  4:42  Pylon  
  50  4:46  Probe (Chrono Boost)  
  50  4:50  Probe (Chrono Boost)  
  52  4:54  Nexus  
  52  4:56  Pylon  
  52  4:57  Probe (Chrono Boost)  
  52  4:58  Pylon  
  53  5:00  Observer (Chrono Boost)  
  54  5:07  Forge  
  54  5:11  Sentry  
  54  5:12  Probe  
  54  5:13  Probe  
  58  5:25  Probe  
  59  5:30  Gateway, Probe  
  59  5:31  Gateway  
  59  5:35  Gateway  
  60  5:37  Immortal (Chrono Boost), Probe  
  60  5:42  Probe  
  65  5:46  Photon Cannon  
  66  5:50  Photon Cannon  
  66  5:54  Stalker  
  66  5:55  Stalker  
  66  5:56  Probe  
  65  6:05  Photon Cannon  
  65  6:08  Photon Cannon  
  65  6:09  Probe (Chrono Boost)  
  65  6:11  Observer (Chrono Boost)  
  67  6:14  Probe (Chrono Boost)  
  67  6:16  Probe (Chrono Boost)  
  69  6:23  Probe (Chrono Boost)  
  67  6:26  Probe (Chrono Boost)  
  67  6:28  Templar Archives, Probe (Chrono Boost)  
  67  6:30  Stalker x2  
  67  6:31  Stalker  
  75  6:35  Observer  
  77  6:40  Probe (Chrono Boost)  
  77  6:45  Probe (Chrono Boost)  
  78  6:50  Probe (Chrono Boost)  
  79  6:54  Gateway  
  79  6:56  Gateway, Probe x2 (Chrono Boost)  
  79  6:58  Gateway  
  81  7:04  Stalker x3  
  81  7:06  Probe (Chrono Boost)  
  81  7:07  Probe (Chrono Boost)  
  89  7:14  Protoss Ground Weapons Level 1 (Chrono Boost)  
  89  7:16  Pylon  
  89  7:18  Mothership Core  
  89  7:19  Pylon  
  91  7:23  Pylon, High Templar x2  
  95  7:30  Probe  
  95  7:34  High Templar  
  98  7:41  Photon Cannon  
  98  7:45  Assimilator  
  98  7:49  Assimilator  
  98  7:51  Probe  
  98  7:55  Photon Cannon  
  99  7:59  Photon Cannon  
  99  8:00  Photon Cannon  
  99  8:02  Probe  
  100  8:09  High Templar x2  
  100  8:10  Archon  
  100  8:12  Stalker x2  
  107  8:14  Zealot x4  
  107  8:16  Pylon  
  107  8:17  Pylon  
  115  8:25  Probe x2  
  117  8:29  Probe  
  118  8:37  Probe x2  
  118  8:38  Robotics Bay  
  118  8:40  Probe, Pylon x2  
  120  8:45  Stalker x3  
  127  8:52  Probe  
  128  8:57  Stalker x2  
  128  8:58  Stalker  
  128  9:02  Nexus  
  134  9:04  Pylon  
  134  9:06  Probe, Pylon  
  135  9:15  Probe  
  136  9:23  Robotics Facility  
  136  9:25  Pylon  
  136  9:27  Pylon  
  135  9:32  Probe  
  135  9:37  Pylon x2  
  136  9:40  Disruptor (Chrono Boost)  
  136  9:43  Stalker x4  
  136  9:44  Stalker  
  149  9:47  Pylon  
  149  9:49  Pylon  
  149  9:57  Nexus  
  149  9:59  Pylon  
  149  10:00  Pylon  
  149  10:04  Pylon  
  151  10:25  Archon  
  134  10:33  Stalker x4  
  134  10:34  Stalker  
Show
View Real Time Build Order
Export as new Build Order

lIlIlIlIlIlI Protoss - Winner!

Build Orders: Nexus First, Zealot Archon 

Get SALT Encoding   

  12  0:00  Probe (Chrono Boost)  
  13  0:11  Probe (Chrono Boost)  
  14  0:19  Pylon  
  14  0:22  Probe (Chrono Boost)  
  15  0:37  Probe (Chrono Boost)  
  16  0:47  Probe (Chrono Boost)  
  17  0:59  Nexus  
  17  1:07  Gateway  
  17  1:10  Probe (Chrono Boost)  
  18  1:17  Assimilator  
  18  1:20  Probe (Chrono Boost)  
  18  1:23  Assimilator  
  19  1:31  Probe (Chrono Boost)  
  20  1:41  Probe (Chrono Boost)  
  20  1:42  Gateway  
  21  1:52  Probe (Chrono Boost)  
  22  1:55  Cybernetics Core  
  22  2:02  Probe (Chrono Boost)  
  23  2:12  Probe (Chrono Boost)  
  23  2:13  Probe (Chrono Boost)  
  25  2:23  Probe x2 (Chrono Boost)  
  27  2:32  Adept x2 (Chrono Boost)  
  27  2:33  Probe, Warp Gate  
  27  2:34  Probe  
  33  2:39  Pylon  
  33  2:46  Probe x2 (Chrono Boost)  
  35  2:57  Stalker  
  35  2:58  Probe x2 (Chrono Boost)  
  39  3:02  Stalker  
  41  3:09  Mothership Core (Chrono Boost)  
  44  3:15  Pylon  
  44  3:16  Stargate  
  44  3:18  Probe (Chrono Boost)  
  44  3:27  Probe (Chrono Boost)  
  44  3:29  Probe (Chrono Boost)  
  46  3:38  Probe (Chrono Boost)  
  46  3:39  Probe (Chrono Boost)  
  47  3:48  Probe (Chrono Boost)  
  47  3:50  Probe (Chrono Boost)  
  46  3:58  Probe (Chrono Boost), Assimilator  
  46  3:59  Probe (Chrono Boost), Assimilator  
  46  4:00  Phoenix (Chrono Boost)  
  50  4:03  Pylon  
  50  4:07  Robotics Facility  
  50  4:09  Probe  
  50  4:10  Probe  
  50  4:15  Pylon  
  52  4:20  Probe  
  52  4:22  Probe  
  52  4:23  Phoenix (Chrono Boost)  
  56  4:30  Probe  
  56  4:34  Probe  
  58  4:41  Pylon  
  58  4:43  Probe  
  58  4:44  Nexus, Phoenix (Chrono Boost)  
  61  4:47  Gateway  
  61  4:49  Probe  
  62  4:53  Probe  
  62  4:56  Observer  
  62  4:57  Sentry  
  66  5:01  Probe  
  66  5:04  Probe  
  66  5:05  Pylon  
  66  5:06  Phoenix (Chrono Boost)  
  66  5:07  Pylon  
  70  5:13  Probe  
  71  5:15  Probe  
  71  5:17  Immortal  
  76  5:25  Probe  
  76  5:26  Probe  
  78  5:29  Forge, Phoenix (Chrono Boost)  
  80  5:36  Probe  
  80  5:37  Probe  
  80  5:42  Assimilator  
  82  5:46  Twilight Council  
  82  5:47  Probe, Pylon  
  82  5:48  Assimilator  
  82  5:49  Probe  
  84  5:54  Protoss Ground Weapons Level 1 (Chrono Boost)  
  84  5:57  Probe  
  84  5:58  Probe  
  84  6:01  Probe  
  84  6:02  Immortal  
  87  6:08  Probe  
  87  6:10  Probe, Phoenix  
  95  6:13  Probe  
  96  6:19  Probe  
  96  6:22  Probe  
  98  6:25  Probe  
  98  6:26  Charge (Chrono Boost)  
  98  6:32  Gateway  
  99  6:35  Gateway  
  99  6:37  Gateway  
  99  6:38  Gateway  
  99  6:39  Immortal  
  99  6:41  Pylon  
  99  6:46  Gateway  
  103  6:48  Templar Archives  
  103  6:53  Pylon  
  103  6:54  Pylon  
  103  6:58  Zealot x3  
  103  7:01  Phoenix  
  111  7:13  Warp Prism  
  111  7:17  Pylon  
  111  7:20  Pylon  
  113  7:23  Pylon  
  113  7:25  High Templar x2  
  113  7:28  Phoenix, High Templar x2  
  113  7:29  Archon  
  123  7:34  Archon  
  123  7:35  Zealot  
  123  7:36  Zealot x2  
  129  7:37  Protoss Ground Weapons Level 2  
  129  7:42  Photon Cannon  
  129  7:44  Pylon, Photon Cannon  
  129  7:47  Nexus  
  129  7:50  Pylon x2  
  129  7:54  Zealot  
  131  7:59  Immortal  
  131  8:01  Probe x3  
  138  8:15  High Templar  
  138  8:16  Zealot x2, High Templar x3  
  138  8:17  Zealot x2  
  154  8:21  Archon  
  154  8:23  Archon  
  154  8:31  Assimilator  
  154  8:36  Assimilator  
  154  8:40  Zealot x2  
  158  8:41  Zealot x2  
  162  8:49  High Templar x2  
  162  8:51  High Templar  
  162  8:52  High Templar  
  162  8:53  Archon  
  170  8:56  Archon  
  170  9:04  Photon Cannon  
  170  9:06  Photon Cannon  
  168  9:15  High Templar  
  168  9:16  High Templar  
  171  9:19  Immortal, Archon  
  171  9:20  Zealot x2  
  179  9:32  Gateway  
  179  9:33  Gateway  
  179  9:35  Gateway, High Templar  
  179  9:36  High Templar  
  179  9:37  Gateway, Zealot x2  
  187  9:40  Gateway  
  187  9:42  Gateway, Archon  
  187  9:43  Pylon  
  187  9:47  Robotics Facility  
  187  9:48  Robotics Bay  
  187  10:00  Dark Shrine  
  187  10:01  Photon Cannon x2  
  187  10:03  Photon Cannon  
  187  10:06  Photon Cannon  
  187  10:08  Pylon  
  187  10:15  Zealot  
  187  10:16  Zealot x5  
  175  10:39  Zealot x6  
  175  10:40  Zealot x2  
Tags
 
Add a new tag
Caveats
  • Supply blocks, unpowered buildings, or Contaminate may cause inaccurate times.
  • Supply counts are checked every 10 seconds.